 Dungeon Crawl Stone Soup version 0.30-a0-802-gb92711bcdf (webtiles) character file.

Game seed: 2649014834125580733

23 hikkokomori the Digger (level 2, 16/16 HPs)
             Began as a Gargoyle Earth Elementalist on Feb 24, 2023.
             Got out of the dungeon alive.
             The game lasted 00:01:30 (1133 turns).

hikkokomori the Digger (GrEE)                       Turns: 1133, Time: 00:01:31

Health: 16/16      AC:  4    Str: 11    XL:     2   Next: 95%
Magic:  5/5        EV: 12    Int: 15    God:
Gold:   45         SH:  0    Dex: 10    Spells: 4/5 levels left

rFire   . . .      SeeInvis .    e - +0 dagger (drain)
rCold   . . .      Faith    .    (no shield)
rNeg    + . .      Spirit   .    a - +0 robe
rPois   ∞          Reflect  .    (no helmet)
rElec   +          Harm     .    (no cloak)
rCorr   .          Rampage  .    (no gloves)
Will    .....                    (no boots)
Stlth   ++                       (no amulet)
HPRegen 0.22/turn                (no ring)
MPRegen 0.09/turn                (no ring)

@: no status effects
A: sickness immunity, AC +2, negative energy resistance 1, electricity
resistance, torment resistance 1, petrification resistance
a: no special abilities


You escaped.
You visited 1 branch of the dungeon, and saw 2 of its levels.

You collected 45 gold pieces.

Inventory:

Hand Weapons
 d - a +0 whip
 e - a +0 dagger of draining (weapon)
Armour
 a - a +0 robe (worn)
Scrolls
 c - 2 scrolls of magic mapping {unknown}
 f - a scroll of blinking {unknown}
 h - a scroll of poison {unknown}
 i - a scroll of identify {unknown}
 j - a scroll of vulnerability {unknown}
 l - 2 scrolls of immolation {unknown}
 m - a scroll of enchant weapon {unknown}
Potions
 b - a potion of magic
 g - a potion of might {unknown}
 k - 2 potions of degeneration {unknown}


   Skills:
 + Level 1.1 Fighting
 - Level 1.6 Dodging
 + Level 2.7 Stealth
 - Level 2.0 Spellcasting
 - Level 0.9 Transmutations
 + Level 4.0 Earth Magic


You had 4 spell levels left.
You knew the following spells:

 Your Spells              Type           Power      Damage    Failure   Level
a - Sandblast             Erth           26%        2d8       4%          1

Your spell library contained the following spells:

 Spells                   Type           Power      Damage    Failure   Level
 Passwall                 Tmut/Erth      7%         N/A       12%         2
 Stone Arrow              Conj/Erth      14%        3d7       28%         3
 Petrify                  Tmut/Erth      9%         N/A       61%         4


Dungeon Overview and Level Annotations

Branches:
Dungeon (2/15)

Altars:

Shops:
D:2 *


Innate Abilities, Weirdness & Mutations

You are immune to sickness and miasma.
Your stone body is resilient. (AC +2)
You are immune to poison.
You resist negative energy. (rN+)
You are resistant to electric shocks. (rElec)
You are resistant to unholy torment.
You are immune to petrification.


Message History

(D) Dungeon
Where to? (Enter - D:1 @ (x,y), ? - help)
What level of the Dungeon? (default 1, ? - help)
There is a stone staircase leading down here.
You climb downwards.
Found 9 gold pieces.
There is a stone staircase leading up here.
A goblin is nearby!
A goblin is nearby!
Found a scroll labelled MAQAFA UPOUCE.
You see here 9 gold pieces.
You miscast Sandblast.
You are very lightly contaminated with residual magic.
Nothing appears to happen.
The blast of sand hits the goblin!
You kill the goblin!
Your magical contamination has completely faded away.
Magic restored.
You now have 45 gold pieces (gained 9).
Found a short sword.
l - 2 scrolls labelled MAQAFA UPOUCE (gained 1)
Found a dagger.
Found an escape hatch in the ceiling.
There is an escape hatch in the ceiling here.
k - 2 ruby potions (gained 1)
Found Zon Dusu's Assorted Antiques.
There is an entrance to Zon Dusu's Assorted Antiques here.
Save game and exit?
Welcome back, hikkokomori the Gargoyle Earth Elementalist.
Press ? for a list of commands and other information.
There is an escape hatch in the ceiling here.
A mysterious force pulls you upwards. The hatch slams shut behind you.
Done exploring.
You see here a +0 ring mail.
There is a staircase leading out of the dungeon here.
Are you sure you want to leave the Dungeon?
This will make you lose the game!
Alright, then stay!
You can't go down here!
Are you sure you want to leave the Dungeon?
This will make you lose the game!
You have escaped!

..# #.# ##.### #..##.....##
#.#
#.#####..#.###.####...##
#'###.#......#.....#.....##
...##.#.######.#.#.#######
....###.# #.........#
...8.##.####.#.#.#.#.####
....#.###......#.#......#
...8...#.#.#.###.###.#.##
.).....+.#......@......#
...8...#.#.#.###.###.#.##
....#.##.......#.#......#
...8.##..###.#.#.#.#.####
....###....#.........#
...## #..#####.#.#.### #+##
#..# #.....# ...####..#
#.###.#
###......########.##


There were no monsters in sight!

Vanquished Creatures
  A bat (D:1)
  2 endoplasms (D:1)
  4 giant cockroaches (D:1)
  3 kobolds (D:1)
  A quokka (D:1)
  A ball python (D:1)
  A frilled lizard (D:1)
  4 goblins
  3 rats (D:1)
20 creatures vanquished.

Notes
Turn   | Place    | Note
-------+----------+-------------------------------------------
     0 | D:1      | hikkokomori the Gargoyle Earth Elementalist began the quest
                  | for the Orb.
     0 | D:1      | Reached XP level 1. HP: 10/10 MP: 3/3
   137 | D:1      | Reached XP level 2. HP: 5/15 MP: 1/5
   481 | D:1      | Reached skill level 1 in Fighting
   540 | D:1      | Reached skill level 4 in Earth Magic
  1057 | D:2      | Found Zon Dusu's Assorted Antiques.
  1133 | D:$      | Got out of the dungeon alive.

Illustrated notes

Levels and vault maps discovered:
D:1:      roderic_chinese_lattice_arrival, layout_loops_ring, dk_noncrumbling_3
D:2:      layout_loops_ring, serial_shops, nicolae_shop_advertising_works
          [nicolae_subvault_shop_adworks], grunt_ministairs_4, uniq_robin

Skill      XL: |  1  2 |
---------------+-------+-----
Fighting       | 1 |  1.1
Earth Magic    | 4 |  4.0
Dodging        | |  1.6
Stealth        | |  2.7
Spellcasting   | |  2.0
Transmutations | |  0.9

Action                     || total
---------------------------++-------
  Melee: Whip              ||     5
         Dagger            ||    10
   Cast: Sandblast         ||    25
 Armour: Robe              ||    14
  Dodge: Dodged            ||    15

Table legend: (Time is in decaauts)
 A = Elapsed time spent in this place.
 B = Non-inter-level travel time spent in this place.
 C = Inter-level travel time spent in this place.
 D = Time resting spent in this place.
 E = Time spent auto-exploring this place.
 F = Levels seen in this place.
 G = Mean time per level.
                   A        B        C        D        E       F      G
               +--------+--------+--------+--------+--------+-----+--------+
         Total |   1144 |   1001 |    143 |      0 |    875 |   2 |  572.0 |
       Dungeon |   1144 |   1001 |    143 |      0 |    875 |   2 |  572.0 |
               +--------+--------+--------+--------+--------+-----+--------+

Top non-repeatable levels by time:
     D:1: 1037 daAuts
     D:2: 107 daAuts
